 Dungeon Crawl Stone Soup version 0.30-a0-578-gdee14c521f (webtiles) character file.

Game seed: 15342658648616419524

5526 Heh the Cleaver (level 10, -3/72 HPs)
             Began as an Octopode Venom Mage on Jan 1, 2023.
             Was an Elder of Okawaru.
             Slain by Harold
             ... wielding a +0 scimitar
              (17 damage)
             ... on level 1 of the Lair of Beasts.
             The game lasted 00:12:11 (7150 turns).

Heh the Cleaver (Octopode Venom Mage)               Turns: 7150, Time: 00:12:11

Health: -3/72      AC:  5    Str: 13    XL:     10   Next: 70%
Magic:  4/13       EV: 17    Int: 18    God:    Okawaru [****..]
Gold:   403        SH:  0    Dex: 17    Spells: 2/13 levels left

rFire   . . .      SeeInvis .    x - +2 battleaxe (vamp)
rCold   . . .      Faith    .    (shield currently unavailable)
rNeg    . . .      Spirit   .    (helmet restricted)
rPois   +          Reflect  .    J - amulet of regeneration
rElec   .          Harm     .    p - ring of willpower
rCorr   .          Rampage  .    m - +6 ring of strength
Will    +....                    h - ring of poison resistance
Stlth   +++                      e - +4 ring of protection
HPRegen 1.12/turn                (no ring)
MPRegen 0.13/turn                (no ring)
                                 (no ring)
                                 (no ring)

@: studying Summonings
A: almost no armour, amphibious, 8 rings, camouflage 1, gelatinous body 1,
(nimble swimmer 1), tentacles
a: Renounce Religion, Heroism, Finesse


You were on level 1 of the Lair of Beasts.
You worshipped Okawaru.
Okawaru was greatly pleased with you.
You visited 3 branches of the dungeon, and saw 10 of its levels.
You also visited: Ossuary.

You collected 403 gold pieces.

Inventory:

Hand Weapons
 b - a +0 short sword
 j - a +0 long sword
 u - a +0 hand axe of pain
 x - a +2 vampiric battleaxe (weapon)
 y - a +0 whip of draining
 z - a +2 dagger of flaming
 H - a +0 war axe of venom
 L - a +1 short sword of speed
Magical Staves
 N - a staff of conjuration
Jewellery
 e - a +4 ring of protection (on tentacle)
 h - a ring of poison resistance (on tentacle)
 k - a ring of positive energy
 m - a +6 ring of strength (right tentacle)
 p - a ring of willpower (left tentacle)
 J - an amulet of regeneration (around mantle)
Scrolls
 c - 7 scrolls of teleportation {unknown}
 f - 2 scrolls of vulnerability {unknown}
 i - a scroll of fog {unknown}
 o - 2 scrolls of acquirement {unknown}
 q - 2 scrolls of enchant armour {unknown}
 v - 4 scrolls of immolation
 w - 7 scrolls of identify {unknown}
 E - 2 scrolls of poison {unknown}
 G - a scroll of amnesia {unknown}
 I - a scroll of torment {unknown}
 K - a scroll of brand weapon {unknown}
 M - a scroll of magic mapping {unknown}
Potions
 a - a potion of magic
 d - 3 potions of curing {unknown}
 g - 4 potions of lignification {unknown}
 l - 8 potions of mutation
 n - 13 potions of degeneration
 r - a potion of ambrosia {unknown}
 s - a potion of resistance {unknown}
 t - 5 potions of brilliance {unknown}
 A - a potion of cancellation {unknown}
 B - a potion of attraction {unknown}
 C - a potion of flight {unknown}
 D - 2 potions of invisibility {unknown}
 F - 2 potions of haste
 O - 2 potions of berserk rage {unknown}


   Skills:
 + Level 7.7 Fighting
 * Level 9.7 Axes
 + Level 7.7 Dodging
 - Level 2.6 Stealth
 - Level 2.0 Spellcasting
 - Level 1.0 Transmutations
 - Level 8.0 Poison Magic


You had 2 spell levels left.
You knew the following spells:

 Your Spells              Type           Power      Damage    Failure   Level
a - Sting                 Tmut/Pois      72%        1d6       2%          1
b - Olgreb's Toxic Radia  Pois           30%        N/A       7%          4
c - Mephitic Cloud        Conj/Pois/Air  11%        N/A       19%         3
d - Ignite Poison         Fire/Tmut/Pois 12%        N/A       16%         3

Your spell library contained the following spells:

 Spells                   Type           Power      Damage    Failure   Level
 Poisonous Vapours        Pois/Air       32%        N/A       5%          2
 Magic Dart               Conj           4%         1d3       19%         1
 Kindle Blastsparks       Fire/Tloc/Air  2%         2d10      47%         3
 Fulminant Prism          Conj/Hex       0%         3d5       87%         4
 Iskenderun's Mystic Bla  Conj/Tloc      1%         2d3       87%         4
 Freezing Cloud           Conj/Ice/Air   0%         6-21      99%         5
 Lee's Rapid Deconstruct  Erth           0%         3d4*      99%         5
 Call Imp                 Summ           Unusable   N/A       N/A         2

Dungeon Overview and Level Annotations

Branches:
Dungeon (8/15)             Temple (1/1) D:5            Lair (1/5) D:8
Ossuary (visited)

Altars:
Ashenzari
Cheibriados
Dithmenos
Fedhas
Gozag
Hepliaklqana
Kikubaaqudgha
Okawaru
Ru
Trog
Wu Jian
Xom
Yredelemnul
Zin
The Shining One

Shops:
D:2 =

Annotations:
D:3 2 transporters, bchevrier's ghost, amateur GnWn
D:6 3 runed translucent doors, themarg's ghost, novice GnTm
Lair:1 Harold


Innate Abilities, Weirdness & Mutations

You cannot wear most types of armour.
You are amphibious.
You can wear up to eight rings at the same time.
Your skin changes colour to match your surroundings (Stealth+).
Your rubbery body absorbs attacks. (AC +1, EV +1)
((You are camouflaged when in or above water. (Stealth+)))
You have tentacles for arms and can constrict up to eight enemies at once.


Message History

You kill the yak!
Okawaru accepts your kill.
You slash the blink frog!
Your toxic aura wanes.
The blink frog closely misses you. Harold fires a harpoon shot at you.
The harpoon shot hits you!
You are yanked forward by the harpoon shot.
The blink frog misses you.
You slash Harold! You grab Harold.
Harold is lightly wounded.
You slash the blink frog!
You kill the blink frog!
Okawaru accepts your kill.
You constrict Harold, but do no damage. Harold closely misses you.
Harold misses you.
You hit Harold but do no damage. You squeeze Harold, but do no damage.
Harold is lightly wounded.
You constrict Harold, but do no damage. Harold hits you with a +0 scimitar!
You hit Harold.
You feel better.
You squeeze Harold.
Harold is moderately wounded.
You constrict Harold. Harold hits you with a +0 scimitar!
You slash Harold! You squeeze Harold!
Harold is heavily wounded.
You constrict Harold. Harold hits you with a +0 scimitar!!
* * * LOW HITPOINT WARNING * * *
You slash Harold! Your squeeze misses Harold.
Harold is severely wounded.
You constrict Harold. Harold hits you with a +0 scimitar!
* * * LOW HITPOINT WARNING * * *
You hit Harold. You squeeze Harold, but do no damage.
Harold is almost dead.
You constrict Harold, but do no damage.
Harold looks more healthy.
Harold hits you with a +0 scimitar.
* * * LOW HITPOINT WARNING * * *
Harold closely misses you.
You hit Harold.
Harold is almost dead.
You constrict Harold. Harold hits you with a +0 scimitar!
You die...

+.#.. .... .... #
...######.####.
#.............
#.....##.#....
#....#........
...#..<.#...#....
##.....@.†......
.........†@†......
###......+........
#.......#...#....
##...............
#.......##..#..$.
........[ .......
######.## ######
##


You could see Harold.

Vanquished Creatures
  Grinder (D:3)
  Prince Ribbit (D:8)
  3 blink frogs (Lair:1)
  4 yaks
  2 steam dragons (D:8)
  A water moccasin (D:7)
  2 ice beasts (D:6)
  3 orc warriors (D:8)
  4 sky beasts
  2 black bears
  An ogre (D:5)
  2 centaurs
  A kobold brigand (D:8)
  5 bullfrogs
  7 scorpions
  2 necrophages
  4 wights (D:7)
  2 howler monkeys
  An electric eel (D:8)
  A centaur zombie (Ossuary)
  3 jellies
  A human zombie (Ossuary)
  4 orc priests (D:8)
  7 hounds
  A gnoll bouda (D:7)
  An orc wizard (D:7)
  2 iguanas
  5 mummies (Ossuary)
  Robin (D:3)
  4 gnolls (D:7)
  16 adders
  A shadow imp (D:6)
  2 white imps
  An ufetubus (D:7)
  A worm (D:4)
  A dart slug (D:4)
  22 orcs
  15 bats
  5 endoplasms
  4 giant cockroaches
  A gnoll zombie (Ossuary)
  9 goblins
  13 hobgoblins
  13 jackals
  15 kobolds
  4 quokkas
  7 ball pythons
  6 frilled lizards
  A goblin zombie (Ossuary)
  A hobgoblin zombie (Ossuary)
  A kobold zombie (Ossuary)
  2 orc zombies (Ossuary)
  8 rats
227 creatures vanquished.

Vanquished Creatures (others)
  An ice beast (D:8)
  An orc (D:8)
  37 fungi
  41 plants
80 creatures vanquished.

Grand Total: 307 creatures vanquished

Notes
Turn   | Place    | Note
-------+----------+-------------------------------------------
     0 | D:1      | Heh the Octopode Venom Mage began the quest for the Orb.
     0 | D:1      | Reached XP level 1. HP: 11/11 MP: 3/3
   121 | D:1      | You fall into a shaft and drop 1 floor!
   133 | D:2      | Reached skill level 1 in Fighting
   214 | D:2      | Reached XP level 2. HP: 15/18 MP: 1/5
   302 | D:2      | Found Viat's Jewellery Shoppe.
   444 | D:2      | Reached XP level 3. HP: 24/24 MP: 6/6
   688 | D:2      | Found a faded altar of an unknown god.
  2285 | D:3      | Reached skill level 5 in Poison Magic
  2332 | D:3      | Noticed Grinder
  2335 | D:3      | Reached XP level 4. HP: 29/29 MP: 3/7
  2340 | D:3      | Learned a level 4 spell: Olgreb's Toxic Radiance
  2369 | D:3      | Killed Grinder
  2370 | D:3      | Reached XP level 5. HP: 20/34 MP: 1/8
  2370 | D:3      | Reached XP level 6. HP: 23/39 MP: 1/9
  2720 | D:3      | Found a transporter.
  2732 | D:3      | Found a transporter.
  2732 | D:3      | Noticed bchevrier's ghost (amateur GnWn)
  2786 | D:3      | Noticed Robin
  2802 | D:3      | Killed Robin
  3260 | D:4      | Found a sand-covered staircase.
  3276 | Ossuary  | Entered an ossuary
  3578 | Ossuary  | Reached skill level 1 in Axes
  3619 | Ossuary  | Reached XP level 7. HP: 44/45 MP: 10/10
  3854 | D:4      | Reached skill level 2 in Axes
  4394 | D:5      | Entered Level 5 of the Dungeon
  4405 | D:5      | Reached skill level 3 in Axes
  4405 | D:5      | Reached XP level 8. HP: 46/54 MP: 11/11
  4463 | D:5      | Found a staircase to the Ecumenical Temple.
  4492 | Temple   | Entered the Ecumenical Temple
  4572 | Temple   | Became a worshipper of Warmaster Okawaru
  4718 | D:5      | Reached skill level 4 in Axes
  4858 | D:5      | Reached * piety under Okawaru
  5257 | D:6      | Reached skill level 5 in Fighting
  5257 | D:6      | Reached skill level 5 in Axes
  5257 | D:6      | Reached skill level 5 in Dodging
  5339 | D:6      | Learned a level 3 spell: Mephitic Cloud
  5400 | D:6      | Reached XP level 9. HP: 61/61 MP: 12/12
  5403 | D:6      | Reached skill level 6 in Axes
  5413 | D:6      | Learned a level 3 spell: Ignite Poison
  5440 | D:6      | Found a runed translucent gate.
  5440 | D:6      | Found a runed translucent gate.
  5440 | D:6      | Found a runed translucent gate.
  5445 | D:6      | Noticed themarg's ghost (novice GnTm)
  5737 | D:7      | Reached ** piety under Okawaru
  5859 | D:7      | Reached skill level 7 in Axes
  6372 | D:8      | Reached skill level 8 in Axes
  6372 | D:8      | Reached XP level 10. HP: 40/69 MP: 5/13
  6431 | D:8      | Reached *** piety under Okawaru
  6655 | D:8      | Found a blossoming altar of Fedhas.
  6723 | D:8      | Found a staircase to the Lair.
  6757 | Lair:1   | Entered Level 1 of the Lair of Beasts
  6917 | D:8      | Found a glowing silver altar of Zin.
  6918 | D:8      | Found a basalt altar of Yredelemnul.
  6922 | D:8      | Reached skill level 9 in Axes
  7083 | D:8      | Noticed Prince Ribbit
  7090 | D:8      | Killed Prince Ribbit
  7136 | Lair:1   | Noticed a black mamba
  7136 | Lair:1   | Noticed Harold
  7139 | Lair:1   | Reached **** piety under Okawaru
  7150 | Lair:1   | Slain by Harold

Illustrated notes

Levels and vault maps discovered:
D:1:      dpeg_arrival_houses_and_road, layout_basic
D:2:      layout_rooms, serial_corexii_hall, chequers_hall_statues_y,
          corexii_hall_statues_u, corexii_hall_statues_u,
          chequers_hall_statues_y, serial_shops, nicolae_shop_advertising_works
          [nicolae_subvault_shop_adworks], shapermc_ecumenical_altar_petra,
          grunt_ministairs_14, nrook_mini_backslash, lexackson_kobold_supper
D:3:      layout_basic, gammafunk_ghost_gnarly_gnolls, uniq_robin, uniq_grinder
D:4:      layout_rooms, enter_ossuary_1, minmay_snake_closets
D:5:      old_forge, layout_rooms, minmay_temple_entry_junction_2,
          nrook_mini_vaults
D:6:      layout_cave_pools, ebering_ghost_rock_garden, minmay_manual_monstrance
D:7:      layout_layer_cave
D:8:      layout_rooms, mainiacjoe_overflow_small_starburst,
          nicolae_overflow_two_pavilions, nicolae_overflow_hidden_temple,
          grunt_lair_entry_orc_guard_hut, uniq_prince_ribbit1
Temple:   nicolae_temple_superstar
Lair:1:   layout_chaotic_city, serial_bayou_lagoon_b, uniq_harold

Skill      XL: |  1  2  3  4  5  6  7  8  9 10 |
---------------+-------------------------------+-----
Fighting       | 1 2 4 5 6 7 |  7.7
Poison Magic   | 4 5 7 8 |  8.0
Axes           | 1 3 5 8 9 |  9.7
Dodging        | 3 5 6 7 |  7.7
Stealth        | |  2.6
Spellcasting   | |  2.0
Transmutations | |  1.0

Action                   |  1- 3 |  4- 6 |  7- 9 | 10-12 || total
-------------------------+-------+-------+-------+-------++-------
Melee: Unarmed           |     3 |       |       |       ||     3
       Tentacles         |     7 |    19 |    46 |    17 ||    89
       Constrict         |    14 |    17 |    39 |    10 ||    80
       Short sword       |    33 |    36 |       |       ||    69
       Punch             |       |     2 |     6 |       ||     8
       Battleaxe         |       |    31 |   170 |    49 ||   250
       Dagger            |       |       |    12 |       ||    12
       Whip              |       |       |     6 |       ||     6
 Cast: Sting             |    56 |    12 |     3 |       ||    71
       Olgreb's Toxic Ra |       |     3 |    14 |    12 ||    29
       Mephitic Cloud    |       |       |       |     2 ||     2
Invok: Heroism           |       |       |     1 |       ||     1
  Use: Potion            |       |     1 |     2 |       ||     3
 Stab: Sleeping          |     1 |     3 |    18 |       ||    22
       Held in net/web   |       |       |     2 |       ||     2
Armor: Skin              |    18 |    22 |    65 |     8 ||   113
Dodge: Dodged            |    44 |    53 |   212 |    60 ||   369

Table legend: (Time is in decaauts)
 A = Elapsed time spent in this place.
 B = Non-inter-level travel time spent in this place.
 C = Inter-level travel time spent in this place.
 D = Time resting spent in this place.
 E = Time spent auto-exploring this place.
 F = Levels seen in this place.
 G = Mean time per level.
                   A        B        C        D        E       F      G
               +--------+--------+--------+--------+--------+-----+--------+
         Total |   7255 |   6955 |    300 |    433 |   4934 |  11 |  659.5 |
       Dungeon |   6502 |   6228 |    274 |    159 |   4896 |   8 |  812.8 |
        Temple |    105 |     80 |     25 |      0 |      0 |   1 |  105.0 |
          Lair |     83 |     82 |      1 |     54 |      0 |   1 |   83.0 |
       Ossuary |    564 |    564 |      0 |    220 |     38 |   1 |  564.0 |
               +--------+--------+--------+--------+--------+-----+--------+

Top non-repeatable levels by time:
     D:1: 1113 daAuts
     D:2: 1082 daAuts
     D:3: 898 daAuts
     D:4: 774 daAuts
     D:5: 753 daAuts
     D:8: 746 daAuts
     D:7: 632 daAuts
 Ossuary: 564 daAuts
     D:6: 499 daAuts
  Temple: 105 daAuts
  Lair:1: 83 daAuts
